details: 'bobs whole team gets drophacked'

« prev index next »

General information

Mini Map

Players

team 1
NightElfRANGER. (red | 86 APM | 2213 actions | 25:45)
Hero icon 4 Death Knight
Ability icon 2 Death Coil
Ability icon 2 Unholy Aura
Hero icon 6 Priestess of the Moon
Ability icon 3 Trueshot Aura
Ability icon 1 Searing Arrows
Ability icon 1 Scout
Ability icon 1 Starfall

» actions
Assign group hotkey36
Basic commands47
Build / train131
ESC pressed23
Enter build submenu38
Enter hero's abilities submenu10
Give item / drop item3
Remove unit from queue9
Right click739
Select / deselect613
Select group hotkey463
Use ability99
2213 total
» units
Wisp20
Ghoul7
Crypt Fiend14
Huntress15
Chimaera16
Frost Wyrm5
Druid of the Talon3
Hippogryph6
86 total
» upgrades
Web1
Strength of the Wild2
Creature Attack1
Corrosive Breath1
Freezing Breath1
6 total
» buildings
Altar of Elders1
Ziggurat4
Moon Well13
Graveyard1
Hunter's Hall1
Ancient of War2
Nerubian Tower1
Tree of Ages3
Halls of the Dead2
Tree of Eternity1
Ancient of Wind1
Tomb of Relics1
Ancient of Wonders1
Tree of Life2
Chimaera Roost3
Spirit Tower2
Boneyard2
Crypt1
42 total
» build order
00:37 Altar of Elders
00:45 Ziggurat
00:51 Moon Well
01:00 Graveyard
01:14 Hunter's Hall
01:42 Ziggurat
01:55 Ziggurat
02:02 Ancient of War
02:32 Ancient of War
02:38 Moon Well
02:47 Nerubian Tower
03:05 Moon Well
04:31 Tree of Ages
04:36 Halls of the Dead
05:42 Ziggurat
05:47 Moon Well
07:51 Tree of Eternity
07:53 Ancient of Wind
09:41 Tomb of Relics
09:45 Ancient of Wonders
10:10 Tree of Life
10:27 Moon Well
10:30 Chimaera Roost
10:31 Chimaera Roost
10:36 Chimaera Roost
10:48 Moon Well
10:59 Spirit Tower
11:23 Moon Well
11:35 Boneyard
11:37 Boneyard
14:20 Tree of Life
15:08 Crypt
16:05 Spirit Tower
22:18 Tree of Ages
22:19 Tree of Ages
22:54 Moon Well
23:00 Moon Well
23:01 Moon Well
23:29 Moon Well
23:31 Moon Well
25:11 Moon Well
» items
Scroll of Town Portal3
Potion of Mana1
Potion of Healing1
Potion of Lesser Invulnerability1
Boots of Speed1
Staff of Teleportation1
Orb of Fire1
9 total
HumanBel (green | 83 APM | 3169 actions | 38:09)
Hero icon 6 Archmage
Ability icon 3 Summon Water Elemental
Ability icon 2 Brilliance Aura
Ability icon 1 Mass Teleport
Hero icon 2 Mountain King
Ability icon 1 Storm Bolt
Ability icon 1 Bash

» actions
Assign group hotkey61
Basic commands426
Build / train95
ESC pressed7
Enter build submenu30
Enter hero's abilities submenu8
Give item / drop item3
Right click1052
Select / deselect596
Select group hotkey766
Use ability125
3169 total
» units
Peasant6
Footman13
Crypt Fiend9
Priest2
Sorceress4
Spell Breaker6
Frost Wyrm5
Dragonhawk Rider3
Hippogryph7
Chimaera8
63 total
» upgrades
Defend2
Creature Carapace1
Priest Training1
Sorceress Training2
Cloud1
7 total
» buildings
Altar of Kings1
Barracks1
Farm9
Arcane Vault1
Scout Tower5
Keep1
Arcane Tower2
Arcane Sanctum2
Ziggurat1
Sacrificial Pit1
Black Citadel2
Lumber Mill1
Guard Tower1
Spirit Tower1
Castle1
Blacksmith1
Gryphon Aviary2
Town Hall1
Ancient of Wind1
Ancient of War2
37 total
» build order
00:12 Altar of Kings
00:20 Barracks
00:35 Farm
00:57 Farm
01:40 Farm
01:56 Arcane Vault
02:57 Scout Tower
03:00 Farm
04:03 Keep
04:27 Arcane Tower
07:17 Arcane Sanctum
07:18 Arcane Sanctum
07:21 Scout Tower
07:41 Scout Tower
07:59 Ziggurat
08:01 Sacrificial Pit
08:09 Black Citadel
08:10 Black Citadel
08:43 Arcane Tower
09:04 Farm
09:04 Farm
09:55 Farm
12:13 Lumber Mill
12:25 Scout Tower
12:28 Scout Tower
12:48 Farm
12:53 Farm
13:25 Guard Tower
15:54 Spirit Tower
16:41 Castle
17:09 Blacksmith
18:13 Gryphon Aviary
18:14 Gryphon Aviary
19:18 Town Hall
26:30 Ancient of Wind
31:59 Ancient of War
32:04 Ancient of War
» items
Scroll of Regeneration3
Lesser Clarity Potion2
Potion of Healing1
Scroll of Town Portal1
7 total
Humanthekingofbnet (yellow | 96 APM | 3674 actions | 38:14)
Hero icon 7 Archmage
Ability icon 3 Summon Water Elemental
Ability icon 3 Brilliance Aura
Ability icon 1 Mass Teleport
Hero icon 4 Mountain King
Ability icon 2 Storm Bolt
Ability icon 2 Bash

» actions
Assign group hotkey162
Basic commands54
Build / train213
ESC pressed2
Enter build submenu73
Enter hero's abilities submenu11
Give item / drop item18
Remove unit from queue1
Right click1242
Select / deselect471
Select group hotkey1044
Use ability383
3674 total
» units
Peasant13
Footman4
Dragonhawk Rider5
Gryphon Rider8
Goblin Shredder5
35 total
» upgrades
Swords4
Lumber Harvesting1
Armor4
Masonry3
Animal War Training1
Storm Hammers1
Cloud1
Plating1
Gunpowder1
Long Rifles1
18 total
» buildings
Barracks1
Altar of Kings1
Farm11
Arcane Vault2
Lumber Mill1
Town Hall3
Scout Tower68
Keep6
Blacksmith1
Arcane Tower1
Guard Tower98
Castle3
Gryphon Aviary4
200 total
» build order
01:10 Barracks
01:12 Altar of Kings
01:16 Farm
01:25 Farm
01:54 Farm
02:17 Arcane Vault
02:28 Lumber Mill
02:55 Farm
04:00 Town Hall
04:03 Scout Tower
04:04 Scout Tower
04:45 Keep
04:45 Keep
06:37 Blacksmith
07:05 Arcane Tower
07:05 Guard Tower
07:05 Guard Tower
07:11 Castle
07:11 Castle
07:50 Gryphon Aviary
07:58 Gryphon Aviary
08:56 Farm
11:37 Scout Tower
11:38 Scout Tower
11:40 Scout Tower
11:42 Scout Tower
11:44 Scout Tower
11:49 Scout Tower
11:54 Scout Tower
11:55 Scout Tower
11:56 Scout Tower
11:58 Scout Tower
12:16 Guard Tower
12:48 Guard Tower
12:48 Guard Tower
12:48 Guard Tower
12:50 Guard Tower
12:50 Guard Tower
12:50 Guard Tower
18:18 Scout Tower
18:19 Scout Tower
18:20 Scout Tower
18:21 Scout Tower
18:23 Scout Tower
18:24 Scout Tower
19:05 Guard Tower
19:06 Guard Tower
19:06 Guard Tower
19:11 Scout Tower
19:13 Scout Tower
19:14 Scout Tower
19:15 Scout Tower
19:17 Scout Tower
19:19 Scout Tower
19:21 Scout Tower
19:23 Scout Tower
19:24 Scout Tower
19:35 Guard Tower
20:06 Guard Tower
20:06 Guard Tower
20:07 Guard Tower
20:07 Guard Tower
22:24 Guard Tower
22:24 Guard Tower
22:28 Guard Tower
22:29 Guard Tower
22:33 Farm
22:34 Farm
22:35 Farm
23:21 Scout Tower
23:23 Scout Tower
23:25 Scout Tower
23:39 Town Hall
23:40 Scout Tower
23:40 Scout Tower
23:42 Scout Tower
23:42 Scout Tower
23:43 Scout Tower
23:46 Scout Tower
23:47 Scout Tower
23:48 Scout Tower
23:48 Scout Tower
23:49 Scout Tower
23:51 Scout Tower
23:52 Scout Tower
23:55 Scout Tower
23:56 Scout Tower
23:57 Scout Tower
23:58 Scout Tower
23:59 Scout Tower
24:16 Guard Tower
24:16 Guard Tower
24:17 Guard Tower
24:17 Guard Tower
24:18 Guard Tower
24:51 Guard Tower
24:51 Guard Tower
24:51 Guard Tower
25:00 Guard Tower
25:00 Guard Tower
25:00 Guard Tower
25:13 Guard Tower
25:13 Guard Tower
25:13 Guard Tower
25:16 Guard Tower
25:22 Guard Tower
25:22 Guard Tower
25:22 Guard Tower
25:22 Guard Tower
25:58 Guard Tower
25:58 Guard Tower
25:58 Guard Tower
25:59 Keep
25:59 Keep
26:05 Farm
26:28 Gryphon Aviary
26:30 Gryphon Aviary
26:40 Guard Tower
26:41 Guard Tower
26:41 Guard Tower
26:48 Arcane Vault
27:43 Scout Tower
27:44 Scout Tower
27:45 Scout Tower
27:46 Scout Tower
27:47 Scout Tower
27:53 Scout Tower
27:55 Scout Tower
27:57 Scout Tower
29:06 Guard Tower
29:06 Guard Tower
29:06 Guard Tower
29:26 Farm
29:27 Farm
32:48 Guard Tower
32:49 Guard Tower
33:17 Town Hall
33:20 Scout Tower
33:21 Scout Tower
33:21 Scout Tower
33:23 Scout Tower
33:26 Scout Tower
33:27 Scout Tower
33:29 Scout Tower
33:30 Scout Tower
33:31 Scout Tower
33:32 Scout Tower
33:32 Scout Tower
33:33 Scout Tower
33:38 Scout Tower
34:01 Guard Tower
34:01 Guard Tower
34:02 Guard Tower
34:18 Guard Tower
34:19 Guard Tower
34:19 Guard Tower
34:19 Guard Tower
34:19 Guard Tower
34:20 Guard Tower
34:20 Guard Tower
34:24 Guard Tower
34:24 Guard Tower
34:25 Guard Tower
34:51 Guard Tower
34:51 Guard Tower
34:51 Guard Tower
34:51 Guard Tower
34:53 Guard Tower
34:54 Guard Tower
34:54 Guard Tower
34:54 Guard Tower
34:54 Guard Tower
34:55 Guard Tower
35:54 Guard Tower
35:54 Guard Tower
» items
Mechanical Critter9
Scroll of Regeneration6
Staff of Teleportation2
Staff of Sanctuary2
Orb of Fire1
Boots of Speed1
Potion of Lesser Invulnerability1
Scroll of Town Portal2
Lesser Clarity Potion1
25 total
UndeadFuk_You_N1GGER (blue | 54 APM | 15 actions | 00:16)

» actions
Build / train2
Enter build submenu2
Right click4
Select / deselect5
Use ability2
15 total
» units
Acolyte2
2 total
» buildings
Altar of Darkness1
Crypt1
2 total
» build order
00:08 Altar of Darkness
00:13 Crypt
team 2
Random» UndeadLetsHaveFun (purple | 90 APM | 3447 actions | 38:09)
Hero icon 6 Death Knight
Ability icon 2 Death Coil
Ability icon 3 Unholy Aura
Ability icon 1 Animate Dead
Hero icon 3 Lich
Ability icon 1 Frost Nova
Ability icon 2 Frost Armor
Hero icon 2 Tauren Chieftain
Ability icon 1 Endurance Aura
Ability icon 1 War Stomp
Hero icon 1 Shadow Hunter
Ability icon 1 Healing Wave
Hero icon 2 Crypt Lord
Ability icon 1 Carrion Beetles
Ability icon 1 Impale

» actions
Assign group hotkey58
Basic commands121
Build / train154
Enter build submenu57
Enter hero's abilities submenu14
Give item / drop item3
Remove unit from queue13
Right click1258
Select / deselect746
Select group hotkey806
Use ability217
3447 total
» units
Acolyte19
Ghoul14
Crypt Fiend14
Grunt4
Shaman6
Troll Headhunter/Berserker3
Peon5
Troll Witch Doctor2
Tauren2
69 total
» upgrades
Creature Attack1
Creature Carapace1
Berserker Strength1
Web1
Burrow1
Shaman Training2
Witch Doctor Training1
Pulverize1
9 total
» buildings
Crypt4
Altar of Darkness2
Ziggurat16
Graveyard1
Tomb of Relics2
Nerubian Tower3
Spirit Tower11
Halls of the Dead1
Orc Burrow6
Barracks1
Spirit Lodge2
Voodoo Lounge2
Necropolis2
Fortress3
Black Citadel1
Sacrificial Pit1
Tauren Totem2
Boneyard1
War Mill1
62 total
» build order
00:28 Crypt
00:35 Altar of Darkness
00:56 Ziggurat
01:15 Graveyard
01:45 Tomb of Relics
02:10 Ziggurat
05:58 Nerubian Tower
05:59 Spirit Tower
06:01 Ziggurat
07:33 Crypt
07:34 Crypt
08:47 Halls of the Dead
09:18 Orc Burrow
09:25 Orc Burrow
09:43 Orc Burrow
10:02 Ziggurat
10:02 Ziggurat
10:03 Ziggurat
10:22 Barracks
11:59 Orc Burrow
12:06 Spirit Lodge
12:17 Voodoo Lounge
13:05 Orc Burrow
13:40 Ziggurat
13:41 Ziggurat
14:59 Necropolis
15:00 Ziggurat
15:00 Ziggurat
15:29 Fortress
15:30 Fortress
16:11 Ziggurat
16:12 Ziggurat
16:14 Nerubian Tower
16:15 Spirit Tower
17:29 Black Citadel
17:33 Sacrificial Pit
18:30 Spirit Lodge
18:39 Tauren Totem
18:44 Orc Burrow
19:18 Spirit Tower
19:55 Boneyard
20:37 War Mill
20:58 Spirit Tower
20:58 Spirit Tower
20:58 Spirit Tower
21:30 Spirit Tower
21:30 Spirit Tower
24:13 Tauren Totem
26:39 Necropolis
28:38 Ziggurat
28:38 Ziggurat
28:39 Ziggurat
28:41 Ziggurat
28:43 Tomb of Relics
28:54 Voodoo Lounge
29:43 Nerubian Tower
29:45 Spirit Tower
34:11 Altar of Darkness
35:37 Crypt
» items
Rod of Necromancy6
Scroll of Town Portal6
Potion of Lesser Invulnerability2
Healing Salve1
Scroll of Healing2
Scroll of Protection1
Boots of Speed1
19 total
OrcANCELOT (pink | 64 APM | 436 actions | 06:46)
Hero icon 2 Tauren Chieftain
Ability icon 1 War Stomp
Ability icon 1 Endurance Aura

» actions
Assign group hotkey12
Basic commands2
Build / train21
Enter build submenu8
Enter hero's abilities submenu2
Right click200
Select / deselect109
Select group hotkey44
Use ability38
436 total
» units
Peon5
Grunt8
13 total
» upgrades
Melee Weapons1
Armor1
2 total
» buildings
Altar of Storms1
Barracks1
Orc Burrow3
Voodoo Lounge1
War Mill1
Stronghold2
Watch Tower1
10 total
» build order
00:11 Altar of Storms
00:22 Barracks
00:38 Orc Burrow
01:46 Orc Burrow
02:15 Voodoo Lounge
02:48 Orc Burrow
03:40 War Mill
04:53 Stronghold
04:53 Stronghold
05:37 Watch Tower
» items
Healing Salve1
1 total
Undeadmed6 (orange | 78 APM | 2952 actions | 38:01)
Hero icon 7 Death Knight
Ability icon 3 Death Coil
Ability icon 3 Unholy Aura
Ability icon 1 Animate Dead
Hero icon 6 Lich
Ability icon 2 Frost Nova
Ability icon 3 Frost Armor
Ability icon 1 Death and Decay

» actions
Assign group hotkey30
Basic commands27
Build / train108
Enter build submenu25
Enter hero's abilities submenu13
Give item / drop item4
Right click2028
Select / deselect397
Select group hotkey160
Use ability160
2952 total
» units
Acolyte15
Ghoul7
Crypt Fiend8
Frost Wyrm10
Grunt2
42 total
» upgrades
Creature Attack3
Creature Carapace3
Burrow1
Web1
Freezing Breath1
Unholy Strength1
Unholy Armor1
11 total
» buildings
Crypt2
Graveyard1
Ziggurat9
Altar of Darkness1
Tomb of Relics1
Halls of the Dead3
Black Citadel1
Spirit Tower4
Sacrificial Pit1
Boneyard2
Watch Tower2
Beastiary2
29 total
» build order
00:18 Crypt
00:23 Graveyard
00:41 Ziggurat
00:58 Altar of Darkness
01:35 Tomb of Relics
01:51 Ziggurat
04:23 Halls of the Dead
04:23 Halls of the Dead
04:41 Ziggurat
07:10 Black Citadel
07:11 Ziggurat
07:14 Spirit Tower
07:43 Sacrificial Pit
09:24 Ziggurat
09:32 Boneyard
09:46 Boneyard
09:51 Ziggurat
10:34 Watch Tower
10:37 Watch Tower
11:38 Ziggurat
16:51 Spirit Tower
20:12 Ziggurat
20:17 Crypt
20:18 Ziggurat
21:12 Spirit Tower
21:21 Spirit Tower
35:13 Beastiary
35:14 Beastiary
» items
Rod of Necromancy3
Healing Salve2
Lesser Clarity Potion3
Scroll of Speed1
Scroll of Town Portal6
Scroll of Healing4
Orb of Corruption2
Potion of Healing4
Potion of Mana5
Orb of Lightning2
32 total
OrcNoChurchNDaWild (teal | 51 APM | 1932 actions | 38:01)
Hero icon 7 Blademaster
Ability icon 3 Wind Walk
Ability icon 3 Critical Strike
Ability icon 1 Bladestorm

» actions
Assign group hotkey71
Basic commands69
Build / train74
Enter build submenu78
Enter hero's abilities submenu7
Give item / drop item4
Remove unit from queue1
Right click804
Select / deselect350
Select group hotkey302
Use ability172
1932 total
» units
Peon8
Grunt8
Goblin Shredder1
Goblin Zeppelin1
Green Dragon2
Green Drake2
Green Dragon Whelp1
Goblin Sapper4
Wind Rider2
29 total
» upgrades
Reinforced Defenses1
Ranged Weapons3
Armor3
Spiked Barricades2
Troll Regeneration1
Burning Oil1
Pillage1
Envenomed Spears1
Liquid Fire1
Ensnare1
Berserker Upgrade1
Berserker Strength1
Melee Weapons1
18 total
» buildings
Orc Burrow8
Altar of Storms1
Barracks1
Voodoo Lounge4
Stronghold2
War Mill2
Great Hall3
Fortress2
Watch Tower57
Beastiary6
Spirit Lodge1
87 total
» build order
00:13 Orc Burrow
01:03 Altar of Storms
01:05 Barracks
01:10 Orc Burrow
01:48 Voodoo Lounge
01:54 Voodoo Lounge
02:58 Stronghold
03:49 War Mill
04:28 Orc Burrow
05:38 Great Hall
08:38 Fortress
08:43 Watch Tower
08:43 Watch Tower
08:44 Watch Tower
09:09 Watch Tower
09:10 Watch Tower
09:10 Watch Tower
09:11 Watch Tower
09:16 Watch Tower
10:04 Watch Tower
10:05 Watch Tower
10:10 Watch Tower
10:10 Watch Tower
10:15 Watch Tower
10:16 Watch Tower
12:57 Orc Burrow
13:42 Watch Tower
13:43 Watch Tower
13:43 Watch Tower
13:45 Watch Tower
13:46 Watch Tower
18:11 Voodoo Lounge
18:18 Beastiary
18:19 Beastiary
18:21 Beastiary
18:23 Beastiary
18:28 Spirit Lodge
18:33 Beastiary
18:35 Beastiary
18:46 War Mill
20:05 Stronghold
21:15 Watch Tower
21:17 Watch Tower
21:18 Watch Tower
23:48 Watch Tower
23:48 Watch Tower
23:55 Watch Tower
23:56 Watch Tower
24:14 Great Hall
24:16 Watch Tower
24:17 Watch Tower
24:17 Watch Tower
24:18 Watch Tower
24:21 Watch Tower
24:22 Watch Tower
24:22 Watch Tower
24:22 Watch Tower
24:25 Watch Tower
24:26 Watch Tower
24:26 Watch Tower
24:27 Watch Tower
24:37 Voodoo Lounge
25:38 Orc Burrow
25:39 Orc Burrow
25:43 Orc Burrow
25:46 Orc Burrow
27:39 Watch Tower
27:39 Watch Tower
27:40 Watch Tower
27:41 Watch Tower
27:42 Watch Tower
27:42 Watch Tower
31:43 Watch Tower
31:44 Watch Tower
31:45 Watch Tower
31:46 Watch Tower
31:48 Watch Tower
31:49 Watch Tower
32:01 Fortress
34:08 Great Hall
34:54 Watch Tower
34:54 Watch Tower
34:55 Watch Tower
34:55 Watch Tower
34:55 Watch Tower
35:07 Watch Tower
35:08 Watch Tower
» items
Healing Salve4
Scroll of Town Portal2
Potion of Mana2
Lesser Clarity Potion1
Orb of Lightning1
Staff of Teleportation1
Orb of Corruption1
Periapt of Vitality1
Potion of Lesser Invulnerability1
14 total

Chat log

(00:09 / All) ANCELOT: wtf was that disconnect
(00:17 / Allies) RANGER.: chims
(00:23 / Allies) thekingofbnet: Anyone got him?
(00:24 / Allies) thekingofbnet: stay
(00:29 / Allies) RANGER.: ican help
(00:35 / Allies) RANGER.: ud not my best
(00:49 / Allies) Bel: just split rush?
(00:53 / Allies) RANGER.: sure
(01:02 / Allies) RANGER.: dk fiensd for him

(04:27 / Allies) RANGER.: ready?
(04:32 / Allies) Bel: ya
(04:37 / Allies) RANGER.: going

(08:48 / All) NoChurchNDaWild: shit lawl
(09:11 / Allies) RANGER.: come on fellas

(14:30 / Allies) RANGER.: yo i need fucking help

(17:29 / All) NoChurchNDaWild: lol
(17:53 / All) NoChurchNDaWild: wtf

(20:26 / All) RANGER.: yellow 8k gold
(20:29 / All) RANGER.: 50 food
(20:31 / All) thekingofbnet: Yeah what's it to you pal?
(20:34 / All) RANGER.: yeee
(20:52 / All) thekingofbnet: fucking auto web

(21:55 / All) med6: Gg's

(24:39 / All) thekingofbnet: clicked the fucking invul potion
(24:42 / All) thekingofbnet: I hate built in battlenet delay

(30:34 / Allies) thekingofbnet: give me flute
(30:40 / Allies) thekingofbnet: I have more ranged units
(30:46 / Allies) thekingofbnet: put it on my mk green
(30:57 / Allies) thekingofbnet: Green give me the flute
(30:59 / Allies) Bel: take
(31:00 / Allies) thekingofbnet: ty

(32:36 / Allies) Bel: mass tp?

(36:30 / All) thekingofbnet: Bad idea

(38:01 / All) LetsHaveFun: wtf
(38:05 / All) LetsHaveFun: Gg